Map: Acropolis LE

Players

Mez

  • Race: Terran Terran
  • League: Master
  • Spawn Location: 5:00

A.I. 1 (Very Easy) - Winner!

  • Race: Zerg Zerg
  • Spawn Location: 11:00

VOD

Have the link to the VOD?

Description

Time

  • Played on: Aug. 18, 2019, 4:35 p.m.
  • Length: 9:57
Show
View Real Time Build Order
Export as new Build Order

Mez Terran 

Build Orders: Reaper Expand 

Get SALT Encoding   

  12  0:01  SCV  
  13  0:13  SCV  
  14  0:17  Supply Depot  
  14  0:25  SCV  
  15  0:39  SCV  
  15  0:41  Barracks  
  16  0:46  Refinery  
  16  0:51  SCV  
  17  1:03  SCV  
  18  1:15  SCV  
  19  1:30  Reaper, Orbital Command  
  20  1:39  Command Center  
  20  1:48  Supply Depot  
  20  1:56  SCV  
  21  2:02  Marine  
  22  2:08  SCV  
  22  2:12  Factory  
  23  2:19  Refinery  
  23  2:20  SCV  
  24  2:24  Barracks Reactor  
  24  2:32  SCV  
  25  2:45  SCV  
  26  2:52  Orbital Command  
  26  2:59  Starport  
  26  3:06  SCV  
  26  3:09  Hellion x2  
  26  3:11  Barracks Tech Lab  
  31  3:18  SCV  
  31  3:19  SCV  
  33  3:30  SCV  
  33  3:31  Hellion x2, SCV  
  33  3:33  Supply Depot  
  39  3:36  Viking  
  39  3:38  Marine  
  42  3:42  Stimpack  
  42  3:44  SCV  
  42  3:46  SCV  
  44  3:56  SCV, Supply Depot  
  44  3:58  SCV, Marine  
  47  4:07  Barracks  
  47  4:08  Barracks  
  47  4:11  Factory Reactor  
  47  4:12  Starport Reactor  
  47  4:13  SCV  
  47  4:14  SCV  
  47  4:16  Marine  
  50  4:26  SCV x2  
  52  4:34  Command Center  
  52  4:37  Marine  
  52  4:38  SCV  
  54  4:42  SCV, Supply Depot  
  55  4:50  SCV  
  55  4:52  Medivac x2  
  60  4:55  Marine, Factory Tech Lab  
  60  4:58  Marine  
  62  5:03  SCV x2, Marine  
  62  5:06  Marine x2  
  67  5:07  Supply Depot  
  67  5:13  Marine  
  68  5:17  Supply Depot  
  68  5:18  Marine  
  68  5:21  Marine  
  70  5:28  SCV x2, Marine x2  
  70  5:29  Engineering Bay  
  70  5:30  Engineering Bay, Marine  
  70  5:35  Supply Depot  
  75  5:36  Marine  
  75  5:38  Siege Tank  
  75  5:39  Marine  
  80  5:47  Orbital Command  
  80  5:52  Refinery x2, Marine x2  
  80  5:53  Marine  
  80  5:55  Terran Infantry Weapons Level 1  
  80  5:56  Terran Infantry Armor Level 1  
  83  5:58  Marine x2  
  83  6:02  Supply Depot  
  83  6:03  SCV  
  86  6:05  SCV  
  86  6:10  Marine  
  87  6:12  Siege Tank, Marine x2  
  87  6:13  Combat Shield  
  92  6:23  Marine x2  
  92  6:24  Orbital Command  
  94  6:28  Marine  
  94  6:29  Supply Depot  
  94  6:30  Barracks  
  94  6:32  Barracks  
  95  6:33  SCV x2  
  95  6:37  Marine  
  95  6:38  Marine  
  99  6:40  Medivac x2  
  99  6:41  Marine x2  
  99  6:46  Siege Tank  
  108  6:50  Marine  
  109  6:54  Supply Depot  
  109  6:55  Marine x2  
  109  6:58  SCV x2, Armory  
  109  6:59  SCV  
  114  7:08  Marine x3  
  114  7:10  SCV x2  
  114  7:13  Marine  
  114  7:14  SCV  
  121  7:18  Refinery  
  121  7:19  Barracks Reactor  
  121  7:20  Barracks Reactor  
  121  7:21  Siege Tank, Marine  
  121  7:22  SCV  
  126  7:25  Supply Depot  
  126  7:26  Marine x3  
  129  7:31  Marine  
  130  7:39  Marine, Medivac  
  133  7:46  Refinery, Marine x3  
  133  7:47  SCV x3  
  133  7:49  Supply Depot  
  133  7:51  Supply Depot  
  141  7:58  Supply Depot  
  141  8:03  Marine x2  
  141  8:11  Marine x7  
  141  8:12  Supply Depot  
  148  8:13  Siege Tank  
  151  8:21  Marine x2  
  151  8:25  Medivac x2  
  157  8:28  Marine x4  
  161  8:37  Marine x2  
  163  8:42  SCV x3  
  163  8:46  Supply Depot  
  163  8:47  Supply Depot  
  166  8:51  Siege Tank  
  166  8:54  SCV x3  
  172  8:56  Factory  
  172  8:57  Marine  
  173  9:07  SCV, Marine x5, Medivac  
  173  9:09  Marine x3, Medivac, Supply Depot  
  186  9:11  Supply Depot  
  186  9:15  Marine  
  187  9:25  Command Center, Marine x2  
  187  9:30  Marine x2  
  194  9:32  Supply Depot  
  194  9:44  Barracks, Factory Tech Lab  
  194  9:45  Barracks  
  200  9:46  Barracks  
Show
View Real Time Build Order
Export as new Build Order

A.I. 1 (Very Easy) Zerg - Winner!

Build Orders: Pool First 

Get SALT Encoding   

  12  0:00  Drone  
  13  0:12  Overlord  
  13  0:16  Drone  
  14  0:34  Spawning Pool  
  13  0:37  Drone  
  13  0:40  Extractor  
  13  0:44  Drone  
  14  0:52  Overlord  
  14  1:21  Zergling x2  
  14  1:22  Queen  
  17  1:30  Roach Warren  
  16  1:33  Drone  
  16  1:37  Extractor  
  16  1:41  Drone  
  16  1:42  Zergling x2  
  18  1:54  Drone  
  19  2:03  Zergling x2  
  19  2:05  Drone  
  21  2:16  Drone  
  22  2:27  Drone  
  22  2:29  Overlord  
  23  2:34  Drone  
  24  2:41  Drone  
  25  6:01  Roach  
  25  6:02  Overlord, Drone, Lair  
  28  6:09  Drone  
  29  6:16  Drone  
  30  6:23  Drone  
  28  6:30  Drone  
  29  6:44  Roach  
  31  6:59  Overseer x2  
  31  7:09  Hatchery  
  31  7:10  Drone  
  31  7:27  Roach  
  33  8:10  Zergling x2  
  34  8:22  Drone  
  35  8:29  Drone  
  35  8:30  Extractor  
  35  8:34  Extractor  
  35  8:36  Drone  
  35  8:43  Drone  
  36  8:51  Drone  
  37  8:58  Drone  
  38  9:05  Drone  
  39  9:12  Drone  
  40  9:19  Drone  
  41  9:26  Drone  
  42  9:33  Drone  
  43  9:41  Drone  
Tags
 
Add a new tag
Caveats
  • Supply blocks, unpowered buildings, or Contaminate may cause inaccurate times.
  • Supply counts are checked every 10 seconds.